cohdb
Replays
Latest Replays
All Replays
Popular Replays
Top Player Replays
Match Explorer
How It Works
Community
CoH3 Stats
Reddit
Sign in to upload your games and track your stats! →
Sign in with Steam
Match 41172176
Unlisted
Match 41172176
Overview
Messages
Build Orders
End
Construct Infanterie Kompanie
Grenadier Squad
GrW 34 Mortar Team
GrW 34 Mortar Team
MG 42 Machine Gun Team
Construct Panzergrenadier Kompanie
251 Medium Carrier
Pioneer Squad
Panzergrenadier Squad
AI Takeover
DriVi
insane
梓川枫
下着を逆に着る
iiooppkl
书院三师姐
Luckyman55
Dylan Il Bellissimo Arrogante
0
0
Comments
sign in to comment!
No comments posted yet!